 Dungeon Crawl Stone Soup version 0.27.0-1-g7a089689b8 (webtiles) character file.

Game seed: 12244907728595717111

9 freelancePsychic the Caller (level 2, -1/22 HPs)
             Began as a Naga Summoner on Aug 10, 2021.
             Slain by a jackal (2 damage)
             ... on level 1 of the Dungeon.
             The game lasted 00:01:56 (742 turns).

freelancePsychic the Caller (Naga Summoner)          Turns: 742, Time: 00:01:57

Health: -1/22      AC:  1    Str: 10    XL:     2   Next: 12%
Magic:  0/5        EV:  9    Int: 15    God:
Gold:   36         SH:  0    Dex: 11    Spells: 4/5 levels left

rFire    . . .     SeeInvis +   (no weapon)
rCold    . . .     Faith    .   (no shield)
rNeg     . . .     Spirit   .   a - +0 robe
rPois    +         Reflect  .   (no helmet)
rElec    .         Harm     .   (no cloak)
rCorr    .         Rampage  .   (no gloves)
Will     .....                  (no barding)
Stlth    ++........             (no amulet)
HPRegen  0.07/turn              (no ring)
MPRegen  0.09/turn              (no ring)

@: short of breath, very slow
A: AC +0, large, see invisible, deformed body, poison resistance, slowness 2,
spit poison 1, naga tail 1
a: Spit Poison


You were on level 1 of the Dungeon.
You visited 1 branch of the dungeon, and saw 1 of its levels.

You collected 36 gold pieces.

Inventory:

Armour
 a - a +0 robe (worn)


   Skills:
 - Level 1.5 Dodging
 + Level 3.7 Stealth
 - Level 2.0 Spellcasting
 + Level 4.2 Summonings


You had 4 spell levels left.
You knew the following spells:

 Your Spells              Type           Power      Damage    Failure   Level
a - Summon Small Mammal   Summ           56%        N/A       4%          1

Your spell library contained the following spells:

 Spells                   Type           Power      Damage    Failure   Level
 Call Imp                 Summ           14%        N/A       6%          2
 Call Canine Familiar     Summ           14%        N/A       12%         3
 Summon Guardian Golem    Hex/Summ       7%         N/A       28%         3
 Summon Lightning Spire   Summ/Air       7%         N/A       67%         4


Dungeon Overview and Level Annotations

Branches:
Dungeon (1/15)

Altars:


Innate Abilities, Weirdness & Mutations

Your serpentine skin is tough. (AC +0)
You have supernaturally acute eyesight. (SInv)
Armour fits poorly on your strangely shaped body.
Your system is resistant to poisons. (rPois)
You cover ground very slowly.
You can spit poison.
You have a snake-like lower body.


Message History

Press: ? - help, Shift-Dir - straight line, f - jackal
Aim: a jackal The splash of poison misses the jackal.
Your bat hits the jackal but does no damage.
The jackal bites you but does no damage.
The jackal bites your bat.
You hit the jackal but do no damage.
Your bat barely misses the jackal.
The jackal barely misses you.
The jackal bites your bat but does no damage.
Your bat hits the jackal but does no damage.
The jackal barely misses your bat. The jackal bites you.
* * * LOW HITPOINT WARNING * * *
You barely miss the jackal.
Your bat closely misses the jackal.
The jackal misses your bat.
The jackal bites you but does no damage.
You barely miss the jackal.
Your bat closely misses the jackal.
The jackal bites you but does no damage.
You closely miss the jackal.
You have got your breath back.
Your bat closely misses the jackal.
The jackal closely misses you. The jackal misses your bat.
The jackal bites you.
* * * LOW HITPOINT WARNING * * *
The jackal misses your bat.
Your bat misses the jackal.
Okay, then.
Casting: Summon Small Mammal (safe; 4% risk of failure)
Confirm with . or Enter, or press ? or * to list all spells.
Your bat barely misses the jackal.
The jackal bites you.
* * * LOW HITPOINT WARNING * * *
Press: ? - help, Shift-Dir - straight line, f/p - jackal
Aim: a jackal (ally target)
The splash of poison misses the jackal.
Your bat misses the jackal. The jackal closely misses you.
The jackal bites your bat.
Your bat dies!
Your bat's corpse disappears in a puff of smoke!
Your rat closely misses the jackal.
The jackal bites you.
* * * LOW HITPOINT WARNING * * *
The jackal closely misses you.
You hit the jackal but do no damage. The jackal closely misses you.
Your rat bites the jackal.
The jackal bites you.
You die...

.................#.#
♣♣.PP.♣
♣........#######.#.##♣♣..P♣
.......).........#.#.....P♣
♣.......#######......♣♣♣P.♣
..#####.# #..#.....♣P♣♣ .
#.# #..##.#### #.# #..##.#
..#####'##### #..##.#
............###.@##.####.#
.#####......#...hhr..†...#
###......#.....#)##......
#..............#..' .....
#........#.....####......
#........#.....# ..)..
#........#.....# ..h.
#........#.....# # #
#....#####.....#


You could see 2 jackals and a friendly rat (summoned).

Vanquished Creatures
  A ball python (D:1)
  A kobold (D:1)
  A frilled lizard (D:1)
  A rat (D:1)
4 creatures vanquished.

Vanquished Creatures (collateral kills)
  A hobgoblin (D:1)
  2 jackals (D:1)
  A kobold (D:1)
  A quokka (D:1)
  A bat (D:1)
  A frilled lizard (D:1)
7 creatures vanquished.

Grand Total: 11 creatures vanquished

Notes
Turn   | Place    | Note
-------+----------+-------------------------------------------
     0 | D:1      | freelancePsychic the Naga Summoner began the quest for the
                  | Orb.
     0 | D:1      | Reached XP level 1. HP: 15/15 MP: 3/3
   714 | D:1      | Reached XP level 2. HP: 20/22 MP: 1/5
   740 | D:1      | HP: 1/22 [jackal (1)]
   742 | D:1      | Slain by a jackal

Illustrated notes

Levels and vault maps discovered:
D:1:      dpeg_arrival_yet_another_circle, layout_basic,
          chequers_ecumenical_altar_simple_redux, serial_forest,
          infiniplex_forest_corner_1, infiniplex_forest_end_2,
          infiniplex_forest_end_double, infiniplex_forest_lined_ring,
          infiniplex_forest_lined_room_

Action                   || total
-------------------------++-------
Melee: Unarmed           ||    23
 Cast: Summon Small Mamm ||    13
 Abil: Spit Poison       ||     8
 Stab: Distracted        ||     1
       Sleeping          ||     1
Armor: Robe              ||     6
Dodge: Dodged            ||    19
